 Dungeon Crawl Stone Soup version 0.23.2-40-g277498a001 (webtiles) character file.

Game seed: 9604832132814285830

255 Amplified the Charlatan (level 5, 0/41 HPs)
             Began as a Demonspawn Artificer on Oct 17, 2019.
             Succumbed to kobold's curare-tipped needle
             ... on level 3 of the Dungeon.
             The game lasted 00:03:29 (1981 turns).

Amplified the Charlatan (Demonspawn Artificer)      Turns: 1981, Time: 00:03:29

Health: 0/41       AC:  5    Str: 12    XL:     5   Next: 91%
Magic:  7/8        EV: 13    Int: 14    God:
Gold:   185        SH:  0    Dex: 13    Spells: 4/4 levels left

rFire    . . .     SeeInvis .   a - +0 short sword
rCold    . . .     Gourm    .   (no shield)
rNeg     . . .     Faith    .   b - +0 leather armour
rPois    .         Spirit   +   (no helmet)
rElec    .         Reflect  .   (no cloak)
rCorr    .         Harm     .   (no gloves)
MR       .....                  (no boots)
Stlth    +.........             (no amulet)
HPRegen  0.13/turn              m - ring of wizardry
MPRegen  0.11/turn              (no ring)

@: lethally poisoned (0 -> -7), slowed, very slow
A: talons 1, molten scales 1, magic shield
a: no special abilities


You were on level 3 of the Dungeon.
You were not hungry.

You visited 1 branch of the dungeon, and saw 3 of its levels.

You collected 185 gold pieces.

Inventory:

Hand Weapons
 a - a +0 short sword (weapon)
 l - a +0 blowgun
Missiles
 g - 60 stones (quivered)
 j - 3 poisoned needles
 n - 2 curare-tipped needles
Armour
 b - a +0 leather armour (worn)
 k - a +0 helmet
Jewellery
 m - a ring of wizardry (left hand)
Wands
 c - a wand of flame (4)
 d - a wand of enslavement (10)
 e - a wand of random effects (8)
Scrolls
 i - a scroll of remove curse
 o - a scroll of enchant armour {unknown}
Comestibles
 f - 3 rations
 h - a chunk of flesh


   Skills:
 * Level 3.0 Fighting
 - Level 0.8 Short Blades
 * Level 2.3 Armour
 * Level 3.2 Dodging
 - Level 0.8 Stealth
 * Level 4.1 Evocations


You had 4 spell levels left.
You didn't know any spells.
Your spell library was empty.

Dungeon Overview and Level Annotations

Branches:
Dungeon (3/15)

Altars:


Innate Abilities, Weirdness & Mutations

You have sharp toenails.
You are partially covered in molten scales. (AC +2)
When hurt, damage is shared between your health and your magic reserves.


Message History

You feel sick.
Items here: ( )) † a +0 blowgun; a +0 club; a curare-tipped needle; a rat corpse
* * * LOW HITPOINT WARNING * * *
You feel sick.
There is a large open door here.
Unknown command.
* * * LOW HITPOINT WARNING * * *
You feel sick.
* * * LOW HITPOINT WARNING * * *
You feel sick.
* * * LOW HITPOINT WARNING * * *
You feel sick.
* * * LOW HITPOINT WARNING * * *
You feel sick.
* * * LOW HITPOINT WARNING * * *
You feel sick.
You see here a scroll labeled PAONNY QIWAIT.
o - a scroll labeled PAONNY QIWAIT You die...

# #.##.##.#
#.#.##.##.#
#.........#
######.###
♣♣♣♣ #(#
#..# #.#
♣#♣..♣#♣#)#
♣.......'.#
♣..@....'.#
♣#♣..♣#♣###
#..# ♣♣♣♣


There were no monsters in sight!

Vanquished Creatures
  Grinder (D:3)
  2 gnolls (D:3)
  2 adders (D:2)
  A dart slug (D:1)
  A giant cockroach (D:2)
  4 goblins
  2 hobgoblins (D:1)
  A quokka (D:2)
  A ball python (D:2)
  6 bats
  3 frilled lizards
  5 kobolds
  3 rats (D:1)
32 creatures vanquished.

Vanquished Creatures (collateral kills)
  A gnoll (D:3)
1 creature vanquished.

Vanquished Creatures (others)
  A gnoll (D:3)
  A hobgoblin (D:3)
  A rat (D:3)
3 creatures vanquished.

Grand Total: 36 creatures vanquished

Notes
Turn   | Place    | Note
-------+----------+-------------------------------------------
     0 | D:1      | Amplified the Demonspawn Artificer began the quest for the
                  | Orb.
     0 | D:1      | Reached XP level 1. HP: 15/15 MP: 3/3
   675 | D:1      | Gained mutation: You have sharp toenails. [demonic
                  | ancestry]
   675 | D:1      | Reached XP level 2. HP: 21/21 MP: 4/4
  1386 | D:2      | Reached skill level 1 in Armour
  1386 | D:2      | Reached XP level 3. HP: 23/27 MP: 5/5
  1742 | D:3      | Gained mutation: You are partially covered in molten
                  | scales. (AC +2) [demonic ancestry]
  1742 | D:3      | Reached XP level 4. HP: 31/33 MP: 6/6
  1776 | D:3      | Noticed Grinder
  1778 | D:3      | Paralysed by Grinder for 2 turns
  1795 | D:3      | Killed Grinder
  1795 | D:3      | Reached skill level 4 in Evocations
  1795 | D:3      | Gained mutation: When hurt, damage is shared between your
                  | health and your magic reserves. [demonic ancestry]
  1795 | D:3      | Reached XP level 5. HP: 37/41 MP: 6/8
  1979 | D:3      | HP: 2/41 [poisoned by kobold (curare-tipped needle)]
  1981 | D:3      | Succumbed to kobold's curare-tipped needle

Skill      XL: |  1  2  3  4 |
---------------+-------------+-----
Dodging        | 2 3 |  3.2
Armour         | 1 2 |  2.3
Fighting       | 2 3 |  3.0
Evocations     | 4 |  4.1
Short Blades   | |  0.8
Stealth        | |  0.8

Action                   |  1- 3 |  4- 6 || total
-------------------------+-------+-------++-------
Melee: Short sword       |    92 |    22 ||   114
       Kick              |    12 |     8 ||    20
Throw: Stone             |     2 |       ||     2
Evoke: Wand              |    14 |     9 ||    23
  Use: Scroll            |     5 |       ||     5
       Potion            |     1 |       ||     1
 Stab: Sleeping          |     1 |       ||     1
       Paralysed         |       |     8 ||     8
  Eat: Chunk             |     3 |       ||     3
Armor: Leather armour    |    39 |     7 ||    46
       Skin              |     3 |       ||     3
Dodge: Dodged            |    69 |    16 ||    85
